 Dungeon Crawl Stone Soup version 0.30-a0-715-gdb4ae3ece1 (webtiles) character file.

Game seed: 16722976171692440272

3154 octoduck the Nimble (level 9, -5/53 HPs)
             Began as an Octopode Transmuter on Jan 23, 2023.
             Was a Believer of Nemelex Xobeh.
             Killed from afar by a steam dragon (25 damage)
             ... with a ball of steam
             ... on level 7 of the Dungeon.
             The game lasted 00:57:28 (14541 turns).

octoduck the Nimble (Octopode Transmuter)          Turns: 14541, Time: 00:57:29

Health: -5/53      AC:  1    Str: 11    XL:     9   Next: 93%
Magic:  11/12      EV: 19    Int: 18    God:    Nemelex Xobeh [**....]
Gold:   498        SH:  5    Dex: 18    Spells: 4/12 levels left

rFire   . . .      SeeInvis .      - Unarmed
rCold   . . .      Faith    .    (no shield)
rNeg    . . .      Spirit   .    (helmet restricted)
rPois   .          Reflect  +    p - amulet of reflection
rElec   .          Harm     .    l - +6 ring of dexterity
rCorr   .          Rampage  .    (no ring)
Will    .....                    (no ring)
Stlth   ++++                     (no ring)
HPRegen 0.28/turn                (no ring)
MPRegen 0.13/turn                (no ring)
                                 (no ring)
                                 (no ring)

@: no status effects
A: almost no armour, amphibious, 8 rings, camouflage 1, gelatinous body 1,
(nimble swimmer 1), tentacles
a: Renounce Religion, Draw Escape, Draw Destruction, Draw Summoning


You were on level 7 of the Dungeon.
You worshipped Nemelex Xobeh.
Nemelex Xobeh was pleased with you.
You visited 2 branches of the dungeon, and saw 9 of its levels.

You collected 498 gold pieces.

Inventory:

Missiles
 c - 3 curare-tipped darts
 d - 22 poisoned darts
 q - 3 atropa-tipped darts
Jewellery
 l - a +6 ring of dexterity (left tentacle)
 p - an amulet of reflection (around mantle)
Scrolls
 g - a scroll of enchant weapon
 h - a scroll of vulnerability
 o - a scroll of brand weapon
Potions
 a - a potion of invisibility
 b - 3 potions of heal wounds
 e - 3 potions of curing
 f - a potion of attraction
 i - 2 potions of resistance
 k - a potion of flight
 m - a potion of ambrosia {unknown}


   Skills:
 - Level 1.0 Fighting
 - Level 10.0 Dodging
 - Level 4.4 Stealth
 - Level 3.0 Unarmed Combat
 - Level 2.0 Spellcasting
 + Level 8.5 Transmutations
 * Level 2.8 Ice Magic


You had 4 spell levels left.
You knew the following spells:

 Your Spells              Type           Power      Damage    Failure   Level
a - Beastly Appendage     Tmut           64%        N/A       1%          1
b - Spider Form           Tmut/Pois      17%        N/A       10%         3
c - Ice Form              Ice/Tmut       22%        N/A       17%         4

Your spell library contained the following spells:

 Spells                   Type           Power      Damage    Failure   Level
 Wereblood                Tmut           32%        N/A       1%          2
 Ozocubu's Armour         Ice            11%        N/A       17%         3
 Kiss of Death            Conj/Necr      4%         2d5       19%         1
 Necrotise                Necr           4%         1d4       19%         1
 Slow                     Hex            4%         N/A       19%         1
 Confusing Touch          Hex            1%         N/A       47%         3
 Vampiric Draining        Necr           1%         2d6       47%         3
 Dispel Undead            Necr           1%         3d6       87%         4
 Metabolic Englaciation   Hex/Ice        3%         N/A       96%         5
 Agony                    Necr           1%         N/A       99%         5
 Simulacrum               Ice/Necr       3%         N/A       100%        6


Dungeon Overview and Level Annotations

Branches:
Dungeon (8/15)             Temple (1/1) D:4
   Lair: D:8-11

Altars:
Ashenzari
Cheibriados
Dithmenos
Elyvilon
Fedhas
Gozag
Hepliaklqana
Kikubaaqudgha
Makhleb
Nemelex Xobeh
Okawaru
Qazlal
Ru
Sif Muna
Trog
Uskayaw
Vehumet
Xom
Yredelemnul
Zin
The Shining One

Shops:
D:5 *

Annotations:
D:3 Grinder
D:4 exclusion: orc priest
D:5 Dowan, Duvessa
D:6 1 runed translucent door, warriortoast's ghost, novice BaFi


Innate Abilities, Weirdness & Mutations

You cannot wear most types of armour.
You are amphibious.
You can wear up to eight rings at the same time.
Your skin changes colour to match your surroundings (Stealth+).
Your rubbery body absorbs attacks. (AC +1, EV +1)
((You are camouflaged when in or above water. (Stealth+)))
You have tentacles for arms and can constrict up to eight enemies at once.


Message History

Unknown command.
(D) Dungeon (T) Temple
Where to? (Enter - D:7 @ (x,y), ? - help)
Okay, then.
There is an open door here.
You see here a +0 short sword.
There is a stone staircase leading down here.
You see here a +0 club.
Casting: Spider Form (dangerous; 10% risk of failure)
Confirm with . or Enter, or press ? or * to list all spells.
You turn into a venomous arachnid creature.
You climb downwards.
There is a stone staircase leading up here.
Items here: ( )))).
Your transformation is almost over.
The steam dragon breathes steam at you. The ball of steam misses you.
You hear a loud, deep croak!
You hear a shout!
You hit the steam dragon.
The steam dragon is poisoned.
The steam dragon is lightly wounded.
You are engulfed in a cloud of scalding steam.
The steam dragon closely misses you. The steam dragon completely misses you.
You block the steam dragon's attack. The steam dragon completely misses you.
Items here: ( )))).
There is a stone staircase leading up here.
Your transformation has ended.
You block the steam dragon's attack. The steam dragon completely misses you.
You climb upwards.
There is a stone staircase leading down here.
You see here a +0 club.
You tentacle-slap the steam dragon but do no damage.
You squeeze the steam dragon.
The steam dragon is heavily wounded.
The steam dragon breathes steam at you. The ball of steam hits you!
You are engulfed in a cloud of scalding steam.
The steam dragon breathes steam at you. The ball of steam hits you!!
You die...
Your body disappears without a glow.

.# ######.#.#♣.♣♣♣♣♣♣.♣ .#
#......#.#♣........♣# .#
#.######.#.♣♣♣♣♣♣♣♣.## .#
#.##.....'##########'########
.#
#.#.....##.#.....##.........#
.#
#.#.....##.#.######.######.##
.# #.#...............#.# #.#
.###.##+#.###.#§####.#.# #.#
...#.##.#<# #.#§@§D..#.# #.#
##.#.##.#.# #.####§#.#.######.#
.#.#.##.#.# #......#[#.#....#.#
.....##.#.##########.#.#.##.#.#
.#.#.................#.#.##.#.#
.#.#.##...#.......#..#.#.##.#.#
.#.#.##.<.#######.#..#.#.##.#.#
.#.#.##..............#.#.##.#.#
.#.#.###..#######.##.#.#.##.#.#


You could see a steam dragon (very poisoned, catching breath).

Vanquished Creatures
  A yak (D:7)
  Menkaure (D:5)
  A steam dragon (D:7)
  Edmund (D:5)
  2 water moccasins
  2 orc warriors (D:7)
  3 black bears
  An ice beast (D:7)
  4 ogres
  2 phantoms
  2 kobold brigands
  A bullfrog (D:8)
  4 scorpions
  3 howler monkeys (D:8)
  An electric eel (D:7)
  5 hounds
  5 orc priests
  5 jellies
  A gnoll bouda (D:5)
  An iron imp (D:6)
  An iguana (D:5)
  An orc wizard (D:7)
  6 adders
  5 gnolls (D:5)
  2 white imps
  2 ufetubi (D:7)
  2 worms
  3 dart slugs
  10 orcs
  7 endoplasms
  5 giant cockroaches
  3 goblins
  17 hobgoblins
  3 jackals (D:3)
  14 quokkas
  9 ball pythons
  7 bats
  20 kobolds
  7 rats
170 creatures vanquished.

Vanquished Creatures (others)
  An orc wizard (D:8)
  An orc (D:8)
  A fungus (D:8)
  3 plants
6 creatures vanquished.

Grand Total: 176 creatures vanquished

Notes
Turn   | Place    | Note
-------+----------+-------------------------------------------
     0 | D:1      | octoduck the Octopode Transmuter began the quest for the
                  | Orb.
     0 | D:1      | Reached XP level 1. HP: 13/13 MP: 3/3
   378 | D:1      | Reached skill level 1 in Stealth
   617 | D:1      | Reached XP level 2. HP: 17/18 MP: 5/5
  1340 | D:1      | Reached XP level 3. HP: 23/23 MP: 6/6
  1494 | D:1      | Reached skill level 3 in Dodging
  3005 | D:2      | Reached XP level 4. HP: 28/28 MP: 7/7
  3697 | D:3      | Noticed Grinder
  4034 | D:3      | Noticed an ogre
  4164 | D:3      | Reached skill level 4 in Dodging
  4354 | D:3      | Reached XP level 5. HP: 26/33 MP: 8/8
  4394 | D:3      | Identified the +4 flail of the Tooth {spect, rElec rF-
                  | rCorr Str+3}
  4810 | D:4      | Found a basalt altar of Yredelemnul.
  5202 | D:4      | Found a staircase to the Ecumenical Temple.
  5211 | Temple   | Entered the Ecumenical Temple
  5554 | Temple   | Became a worshipper of Nemelex Xobeh the Trickster
  6038 | D:5      | Entered Level 5 of the Dungeon
  6065 | D:5      | Noticed Dowan
  6096 | D:5      | Noticed Edmund
  6096 | D:5      | Noticed a phantom
  6396 | D:5      | Reached skill level 5 in Dodging
  6396 | D:5      | Reached XP level 6. HP: 22/38 MP: 9/9
  6534 | D:5      | Noticed Menkaure
  6727 | D:6      | Found a shadowy altar of Dithmenos.
  6738 | D:6      | Found a sacrificial altar of Ru.
  6906 | D:6      | Noticed a water moccasin
  6918 | D:6      | Killed a water moccasin
  7007 | D:6      | Found a snail-covered altar of Cheibriados.
  7373 | D:6      | Reached skill level 6 in Dodging
  7373 | D:6      | Reached XP level 7. HP: 42/43 MP: 8/10
  7604 | D:6      | Learned a level 3 spell: Spider Form
  8256 | D:5      | Reached * piety under Nemelex Xobeh
  8405 | D:5      | Killed Menkaure
  8524 | D:5      | Reached skill level 7 in Dodging
  8769 | D:5      | Reached XP level 8. HP: 14/48 MP: 11/11
  9334 | D:5      | Found Zin's Purification Station.
  9351 | D:5      | Found a glowing silver altar of Zin.
  9364 | D:5      | Received a gift from Nemelex Xobeh
  9825 | D:5      | Killed Edmund
  9826 | D:5      | Reached skill level 8 in Dodging
  9826 | D:5      | Reached skill level 5 in Transmutations
 10326 | D:5      | Noticed Duvessa
 10657 | D:5      | Learned a level 4 spell: Ice Form
 10888 | D:6      | You fall into a shaft and drop 2 floors!
 10905 | D:8      | Reached XP level 9. HP: 52/53 MP: 9/12
 11015 | D:8      | Reached skill level 9 in Dodging
 11770 | D:6      | Found a runed translucent door.
 11770 | D:6      | Noticed warriortoast's ghost (novice BaFi)
 12967 | D:7      | Reached ** piety under Nemelex Xobeh
 13327 | D:7      | Found a radiant altar of Vehumet.
 13329 | D:7      | Found a shimmering altar of Xom.
 13529 | D:7      | Reached skill level 10 in Dodging
 13921 | D:7      | Reached skill level 1 in Ice Magic
 14541 | D:7      | Killed from afar by a steam dragon

Illustrated notes

Levels and vault maps discovered:
D:1:      zaba_arrival_water, layout_loops_ring, serial_rivers,
          chequers_serial_rivers_room_a, chequers_serial_rivers_micro_a,
          chequers_serial_rivers_micro_a, chequers_serial_rivers_micro_c
D:2:      layout_basic
D:3:      minmay_bubble_buster, layout_loops_ring, uniq_grinder
D:4:      layout_gridville, mainiacjoe_overflow_catwalk,
          minmay_temple_entry_poolview, grunt_ministairs_10
D:5:      layout_basic, zin_purify, nrook_mini_backslash,
          minmay_misc_feat_roman, dreamdust_wishing_well,
          small_statue_intersection, kennysheep_generic_room_12, uniq_menkaure,
          uniq_edmund, uniq_duvessa
D:6:      layout_basic, mainiacjoe_overflow_big_doors, slow_altar_1,
          hellmonk_ghost_happy_afterlife
D:7:      layout_basic, nicolae_overflow_squiral, kennysheep_pointless_box,
          hangedman_abyss_or_decor_stagger
D:8:      layout_rooms, david_lair_generic, uniq_prince_ribbit1
Temple:   dpeg_chambers_temple

Skill      XL: |  1  2  3  4  5  6  7  8  9 |
---------------+----------------------------+-----
Stealth        | 1 2 3 4 |  4.4
Dodging        | 3 4 5 6 7 8 10 | 10.0
Transmutations | 3 4 6 8 |  8.5
Ice Magic      | 2 |  2.8
Fighting       | |  1.0
Unarmed Combat | |  3.0
Spellcasting   | |  2.0

Action                     |  1- 3 |  4- 6 |  7- 9 || total
---------------------------+-------+-------+-------++-------
  Melee: Unarmed           |    96 |   136 |   340 ||   572
         Constrict         |    29 |    30 |    41 ||   100
         Tentacles         |    18 |    22 |    72 ||   112
         Punch             |     7 |     3 |    10 ||    20
         Kick              |       |    32 |    72 ||   104
  Throw: Dart              |       |     3 |     3 ||     6
   Cast: Beastly Appendage |       |    28 |    38 ||    66
         Spider Form       |       |       |    18 ||    18
 Invoke: Draw Destruction  |       |       |     3 ||     3
    Use: Scroll            |     2 |     9 |     9 ||    20
         Potion            |       |     3 |     4 ||     7
   Stab: Sleeping          |     6 |     7 |     6 ||    19
         Distracted        |       |     1 |       ||     1
 Armour: Skin              |     6 |    18 |     7 ||    31
  Dodge: Dodged            |    50 |    77 |   263 ||   390
  Block: Other             |       |       |    47 ||    47

Table legend: (Time is in decaauts)
 A = Elapsed time spent in this place.
 B = Non-inter-level travel time spent in this place.
 C = Inter-level travel time spent in this place.
 D = Time resting spent in this place.
 E = Time spent auto-exploring this place.
 F = Levels seen in this place.
 G = Mean time per level.
                   A        B        C        D        E       F      G
               +--------+--------+--------+--------+--------+-----+--------+
         Total |  14536 |  12396 |   2140 |   3873 |   3726 |   9 | 1615.1 |
       Dungeon |  14180 |  12172 |   2008 |   3873 |   3535 |   8 | 1772.5 |
        Temple |    356 |    224 |    132 |      0 |    191 |   1 |  356.0 |
               +--------+--------+--------+--------+--------+-----+--------+

Top non-repeatable levels by time:
     D:5: 2983 daAuts
     D:7: 2705 daAuts
     D:1: 1795 daAuts
     D:6: 1716 daAuts
     D:2: 1662 daAuts
     D:3: 1591 daAuts
     D:4: 1305 daAuts
     D:8: 419 daAuts
  Temple: 356 daAuts
